cohdb
Replays
Latest Replays
All Replays
Popular Replays
Top Player Replays
Match Explorer
How It Works
Community
CoH3 Stats
Reddit
Sign in to upload your games and track your stats! →
Sign in with Steam
Match 45709300
Unlisted
Match 45709300
Overview
Messages
Build Orders
End
Panzerpioneer Squad
Selects Italian Infantry
Panzergrenadier Squad
Construct Light Support Kompanie
MG34 Team
MG34 Team
2.5-tonne Medical Truck
Fire Support Elements
Pak 38 Mechanized Group
le.IG 18 Support Gun Team
Assault Grenadier Squad
2.5-tonne Medical Truck
Selects Guastatori Squad
Selects Defensive Operations
Panzerjäger Mechanized Group
MillenniumKnight
Sauceram
Kurta-Burta
Petrov
0
0
Comments
sign in to comment!
No comments posted yet!